 Dungeon Crawl Stone Soup version 0.26.1-11-gd32895ea62 (webtiles) character file.

Game seed: 8291262288523564864

129 boopmooplesden the Shield-Bearer (level 4, -7/40 HPs)
             Began as a Minotaur Fighter on July 14, 2021.
             Killed by divine providence
             ... invoked by an orc priest
              (14 damage)
             ... on level 4 of the Dungeon.
             The game lasted 00:03:03 (2625 turns).

boopmooplesden the Shield-Bearer (Minotaur Fighter) Turns: 2625, Time: 00:03:04

Health: -7/40      AC:  7    Str: 20    XL:     4   Next: 88%
Magic:  3/3        EV:  7    Int: 11    God:
Gold:   141        SH:  9    Dex: 11    Spells: 3/3 levels left

rFire    . . .     SeeInvis .   a - +0 flail
rCold    . . .     Faith    .   c - +0 kite shield
rNeg     . . .     Spirit   .   b - +0 scale mail
rPois    .         Reflect  .   (helmet restricted)
rElec    .         Harm     .   (no cloak)
rCorr    .         Rampage  .   (no gloves)
Will     +....                  (no boots)
Stlth    ..........             (no amulet)
HPRegen  0.13/turn              f - +6 ring of intelligence
MPRegen  0.08/turn              o - ring of willpower

@: no status effects
A: retaliatory headbutt, horns 2
a: no special abilities


You were on level 4 of the Dungeon.
You visited 1 branch of the dungeon, and saw 4 of its levels.

You collected 141 gold pieces.

Inventory:

Hand Weapons
 a - a +0 flail (weapon)
Armour
 b - a +0 scale mail (worn)
 c - a +0 kite shield (worn)
 h - a +0 chain mail
 j - a cursed +0 leather armour
Jewellery
 f - a +6 ring of intelligence (left hand)
 o - a ring of willpower (right hand)
 u - an uncursed ring of see invisible {unknown}
Scrolls
 g - 4 scrolls of identify {unknown}
 i - 3 scrolls of magic mapping {unknown}
 m - 2 scrolls of teleportation {unknown}
 p - a scroll of enchant weapon {unknown}
 r - a scroll of fog {unknown}
 t - a scroll of remove curse {unknown}
Potions
 d - a potion of might
 e - a potion of brilliance {unknown}
 k - a potion of magic
 l - a potion of curing {unknown}
 n - a potion of berserk rage {unknown}
 q - a potion of haste {unknown}
 s - a potion of mutation {unknown}


   Skills:
 + Level 4.1 Fighting
 + Level 4.0 Maces & Flails
 + Level 4.5 Armour
 + Level 0.7 Dodging
 + Level 4.6 Shields


You had 3 spell levels left.
You didn't know any spells.
Your spell library was empty.

Dungeon Overview and Level Annotations

Branches:
Dungeon (4/15)
 Temple: D:4-7

Altars:
Kikubaaqudgha
Nemelex Xobeh
Trog
Yredelemnul


Innate Abilities, Weirdness & Mutations

You reflexively headbutt those who attack you in melee.
You have a pair of horns on your head.


Message History

You barely miss the orc wizard.
The orc wizard is moderately wounded.
You block the orc wizard's attack.
The orc wizard hits you but does no damage.
You thump the orc wizard!
You kill the orc wizard!
The orc priest invokes the aid of Beogh against you.
Beogh smites you!
* * * LOW HITPOINT WARNING * * *
The orc barely misses you. You furiously retaliate!
You headbutt the orc.
You kill the orc!
You block the orc's attack.
Your Maces & Flails skill increases to level 4!
It was a potion of magic.
Magic courses through your body. The orc hits you but does no damage.
You sock the orc!
You kill the orc!
The orc priest mumbles some strange prayers to Beogh against you.
Beogh smites you!
You die...

#......#.#....
############†#.#o..
.............#...
###########..#.# +#
...............##.####
.†............oZ......
.........#...#.o#####
##.......#####.)[#
#.............#@#
##......######..........
..###....#<..#........#+
..# ###.###.#........#
..# ####.†.#.##...#####
..# #...##.#.##.#.# ..#
#.#.##.#.##. .#
..###.#.##.#.#.. ..
..##....##...#


You could see an orc priest, an orc and a quokka skeleton.

Vanquished Creatures
  An orc wizard (D:4)
  2 adders
  A gnoll (D:1)
  2 oozes (D:1)
  2 worms
  A dart slug (D:1)
  5 leopard geckos
  2 orcs (D:4)
  A giant cockroach (D:2)
  3 hobgoblins
  3 jackals (D:4)
  2 quokkas
  3 ball pythons
  9 bats
  5 frilled lizards
  2 gnoll zombies (D:3)
  4 goblins
  3 kobolds
  8 rats
59 creatures vanquished.

Notes
Turn   | Place    | Note
-------+----------+-------------------------------------------
     0 | D:1      | boopmooplesden the Minotaur Fighter began the quest for the
                  | Orb.
     0 | D:1      | Reached XP level 1. HP: 19/19 MP: 0/0
   196 | D:1      | Reached XP level 2. HP: 27/27 MP: 1/1
   477 | D:1      | Reached XP level 3. HP: 18/33 MP: 2/2
  1346 | D:2      | Reached XP level 4. HP: 40/40 MP: 3/3
  1508 | D:2      | Found a sparkling altar of Nemelex Xobeh.
  1508 | D:2      | Found a bloodstained altar of Trog.
  1516 | D:2      | Found an ancient bone altar of Kikubaaqudgha.
  1518 | D:2      | Found a faded altar of an unknown god.
  1520 | D:2      | Found a faded altar of an unknown god.
  2447 | D:3      | Found a basalt altar of Yredelemnul.
  2625 | D:4      | Killed from afar by an orc priest

Illustrated notes

Levels and vault maps discovered:
D:1:      ncdulo_smallfort, layout_rooms
D:2:      layout_loops_corners, chequers_temple_overflow_minitemple
D:3:      layout_loops_ring, lemuel_zombie_altar_yredelemnul
D:4:      layout_basic, okawaru_gym_becter, kennysheep_mini_moat, serial_forest,
          infiniplex_forest_straight_5, infiniplex_forest_clump_large,
          infiniplex_forest_straight_3, infiniplex_forest_clump_curved,
          infiniplex_forest_lined_ring, infiniplex_forest_straight_2,
          infiniplex_forest_end_2, infiniplex_forest_clump_double,
          infiniplex_forest_clump_long, infiniplex_forest_lined_room_3

Skill      XL: |  1  2  3  4 |
---------------+-------------+-----
Shields        | 4 |  4.6
Armour         | 4 |  4.5
Fighting       | 4 |  4.1
Maces & Flails | 3 4 |  4.0
Dodging        | |  0.7

Action                   |  1- 3 |  4- 6 || total
-------------------------+-------+-------++-------
Melee: Flail             |    92 |    40 ||   132
       Headbutt          |     8 |     8 ||    16
  Use: Potion            |       |     1 ||     1
Armor: Scale mail        |    47 |    19 ||    66
Dodge: Dodged            |    31 |    13 ||    44
Block: Kite shield       |    52 |    20 ||    72
